 Dungeon Crawl Stone Soup version 0.30.0-5-g1a98f26d00 (webtiles) character file.

Game seed: 12736513330460665368

4224 Kass the Arsonist (level 10, -5/83 HPs)
             Began as a Human Cinder Acolyte on May 11, 2023.
             Was a Believer of Ignis.
             Slain by an unseen horror (6 damage)
             ... on level 8 of the Dungeon.
             The game lasted 00:30:27 (11088 turns).

Kass the Arsonist (Human Cinder Acolyte)           Turns: 11088, Time: 00:30:28

Health: -5/83      AC: 13    Str: 15    XL:     10   Next: 55%
Magic:  11/11      EV: 13    Int: 17    God:    Ignis [**....]
Gold:   514        SH:  7    Dex:  8    Spells: 9/11 levels left

rFire   + . .        G - +2 war axe (venom)
rCold   . . .        C - +0 buckler
rNeg    + . .        L - +0 robe {rN+}
rPois   .            o - +2 hat
rElec   .            q - +0 cloak
rCorr   .            i - +0 pair of gloves
SInv    .            (no boots)
Will    .....        p - amulet of reflection
Stlth   +            (no ring)
HPRegen 0.00/turn    (no ring)
MPRegen 0.12/turn

%: reflection
@: fiery-armoured, inhibited regen
A: dopey 1, inhibited regeneration, wild magic 1
a: Renounce Religion, Fiery Armour, Foxfire Swarm


You were on level 8 of the Dungeon.
You worshipped Ignis.
Ignis was pleased with you.
You visited 2 branches of the dungeon, and saw 9 of its levels.
You also visited: Ossuary.

You collected 514 gold pieces.

Inventory:

Hand Weapons
 a - a -1 spear of flaming
 G - a +2 war axe of venom (weapon)
Missiles
 j - 11 boomerangs (quivered)
 n - 10 poisoned darts
 x - 6 atropa-tipped darts
Armour
 i - a +0 pair of gloves (worn)
 o - a +2 hat (worn)
 q - a +0 cloak (worn)
 C - a +0 buckler (worn)
 L - a +0 robe of positive energy (worn)
Jewellery
 b - a +6 ring of intelligence
 p - an amulet of reflection (around neck)
 E - a ring of ice
Wands
 m - a wand of roots (6)
 r - a wand of polymorph (15)
 H - a wand of flame (16)
 K - a wand of charming (9)
Scrolls
 d - 4 scrolls of teleportation
 e - 2 scrolls of poison
 f - 2 scrolls of blinking
 g - 6 scrolls of immolation
 k - 11 scrolls of identify
 u - 2 scrolls of silence {unknown}
 v - 3 scrolls of magic mapping {unknown}
 w - a scroll of amnesia {unknown}
 y - 3 scrolls of noise {unknown}
 D - a scroll of brand weapon {unknown}
 F - a scroll of enchant weapon {unknown}
Potions
 c - a potion of might
 h - 5 potions of curing
 l - 7 potions of lignification
 s - a potion of mutation
 t - a potion of cancellation
 z - 2 potions of resistance {unknown}
 A - a potion of brilliance {unknown}
 B - a potion of heal wounds {unknown}
 I - 2 potions of attraction {unknown}
 J - 2 potions of berserk rage {unknown}


   Skills:
 + Level 9.3 Fighting
 - Level 3.0 Polearms
 + Level 7.7 Dodging
 - Level 1.0 Spellcasting
 + Level 9.4 Fire Magic


You had 9 spell levels left.
You knew the following spells:

 Your Spells              Type           Power      Damage    Failure   Level
a - Scorch                Fire           84%        2d9       1%          2

Your spell library contained the following spells:

 Spells                   Type           Power      Damage    Failure   Level
 Cigotuvi's Dreadful Rot  Necr/Pois/Air  2%         N/A       50%         2
 Sublimation of Blood     Necr           1%         N/A       50%         2
 Dispel Undead            Necr           1%         3d6       98%         4
 Petrify                  Tmut/Erth      1%         N/A       98%         4
 Irradiate                Conj/Tmut      0%         3d11      100%        5
 Death Channel            Necr           0%         N/A       100%        6


Dungeon Overview and Level Annotations

Branches:
Dungeon (8/15)             Temple (1/1) D:7         Ossuary (visited)
   Lair: D:8-11

Altars:
Ashenzari
Cheibriados
Dithmenos
Elyvilon
Fedhas
Gozag
Hepliaklqana
Kikubaaqudgha
Makhleb
Nemelex Xobeh
Okawaru
Qazlal
Ru
Sif Muna
Trog
Uskayaw
Vehumet
Wu Jian
Xom
Yredelemnul
Zin
The Shining One


Innate Abilities, Weirdness & Mutations

You are dopey. (Int -2)
You do not regenerate when monsters are visible.
Your spells are a little harder to cast, but a little more powerful.


Message History

k - 11 scrolls of identify (gained 1)
Something hits you but does no damage.
Deactivating autopickup; reactivate with Ctrl-A.
Found 4 poisoned darts.
You block something's attack.
Found 3 stones.
Something hits you. Something hits you. Something hits you! Something hits you.
You see here 4 poisoned darts.
n - 10 poisoned darts (gained 4)
Something barely misses you.
You miss something.
Something hits you. x2; Something barely misses you.
Something hits you. Something barely misses you. Something hits you. x2
Something hits you! Something hits you. Something completely misses you.
Something hits you but does no damage. x2
You block something's attack. Something hits you.
Something completely misses you. Something hits you but does no damage.
Something hits you. You block something's attack. Something hits you.
* * * LOW HITPOINT WARNING * * *
Something hits you but does no damage. Something completely misses you.
Something barely misses you. Something hits you but does no damage.
Something hits you!
* * * LOW HITPOINT WARNING * * *
Something hits you!
* * * LOW HITPOINT WARNING * * *
Something hits you but does no damage.
A protective cloak of flame settles atop you.
Something hits you but does no damage. Something hits you.
* * * LOW HITPOINT WARNING * * *
Something hits you.
* * * LOW HITPOINT WARNING * * *
Something hits you but does no damage. Something barely misses you.
Something hits you.
You die...

#.# #.##.##....# ###...# #..
#K# #[##..#....# #.....# ###
#K# #.###......# #.....# #.#
#.# ##.....# ##.....# #.#
#.# ##...## #......#
#K###[#######.####......#
#..K....................#
#######.##....#{####.#######
.K.......+......@...........
#######.##....##..#.########
...........................
#####....#....###....######
............####<.>.......
#####....##.# #.....#####
#....##.# #.....# #....##.#
#.....# #....##.# #.....#
####


There were no monsters in sight!

Vanquished Creatures
  Pikel (D:8)
  8 yaks (D:8)
  A wyvern (D:8)
  A wraith (Ossuary)
  2 orc warriors
  3 sky beasts
  2 black bears (D:6)
  An ice beast (D:7)
  A centaur (D:6)
  2 phantoms
  3 bullfrogs
  A gnoll sergeant (D:4)
  A scorpion (D:6)
  4 orc priests
  A hound (D:5)
  3 jellies
  3 sleepcaps
  2 gnoll boudas
  8 iguanas
  7 orc wizards
  A mummy (Ossuary)
  5 adders
  13 gnolls
  A shadow imp (D:6)
  2 white imps
  2 ufetubi
  A worm (D:4)
  2 dart slugs
  23 orcs
  9 ball pythons
  17 endoplasms
  4 giant cockroaches
  11 goblins
  8 hobgoblins
  2 jackals (D:1)
  2 quokkas
  8 bats
  3 frilled lizards
  7 gnoll skeletons (Ossuary)
  A hobgoblin zombie (D:5)
  A jackal zombie (D:5)
  9 kobolds
  5 kobold skeletons (Ossuary)
  13 orc skeletons (Ossuary)
  3 rats
  A spectral orc (D:3)
209 creatures vanquished.

Vanquished Creatures (others)
  An orc wizard (D:6)
  21 foxfires
22 creatures vanquished.

Grand Total: 231 creatures vanquished

Notes
Turn   | Place    | Note
-------+----------+-------------------------------------------
     0 | D:1      | Kass the Human Cinder Acolyte began the quest for the Orb.
     0 | D:1      | Reached XP level 1. HP: 18/18 MP: 2/2
   138 | D:1      | Reached XP level 2. HP: 24/24 MP: 3/3
   308 | D:1      | Learned a level 2 spell: Scorch
   361 | D:1      | Reached XP level 3. HP: 29/29 MP: 1/4
  1059 | D:1      | Found an ornate altar of the Wu Jian Council.
  1285 | D:2      | Reached XP level 4. HP: 37/37 MP: 5/5
  1574 | D:3      | Found a faded altar of an unknown god.
  1946 | D:3      | Reached XP level 5. HP: 42/42 MP: 6/6
  2172 | D:3      | Found a basalt altar of Yredelemnul.
  2509 | D:4      | Noticed a phantom
  2516 | D:4      | Killed a phantom
  2517 | D:4      | Reached XP level 6. HP: 50/50 MP: 2/7
  2588 | D:4      | Reached skill level 5 in Fire Magic
  2598 | D:4      | Reached skill level 5 in Fighting
  2731 | D:4      | Reached skill level 1 in Dodging
  3255 | D:5      | Entered Level 5 of the Dungeon
  3368 | D:5      | Reached XP level 7. HP: 53/56 MP: 8/8
  3413 | D:5      | Found a sand-covered staircase.
  3428 | Ossuary  | Entered an ossuary
  3428 | Ossuary  | Noticed a wraith
  3428 | Ossuary  | Noticed a wraith
  3428 | Ossuary  | Noticed a wraith
  3580 | Ossuary  | Noticed a wraith
  3613 | Ossuary  | Killed a wraith
  4584 | D:5      | Found a shimmering blue altar of Sif Muna.
  4665 | D:5      | Reached XP level 8. HP: 59/64 MP: 2/9
  6662 | D:6      | Gained mutation: You are dopey. (Int -2) [potion of
                  | mutation]
  6662 | D:6      | Gained mutation: You do not regenerate when monsters are
                  | visible. [potion of mutation]
  6662 | D:6      | Gained mutation: Your spells are a little harder to cast,
                  | but a little more powerful. [potion of mutation]
  6669 | D:6      | HP: 3/97 [centaur/arrow (9)]
  7475 | D:7      | Reached XP level 9. HP: 71/72 MP: 6/10
  7622 | D:6      | Reached skill level 5 in Dodging
  8119 | D:6      | HP: 1/72 [sleepcap (9)]
  8798 | D:7      | Found a staircase to the Ecumenical Temple.
  8804 | Temple   | Entered the Ecumenical Temple
  9258 | D:7      | Found an ornate altar of the Wu Jian Council.
  9845 | D:8      | Reached XP level 10. HP: 71/82 MP: 1/11
 10100 | D:8      | Noticed Pikel
 10117 | D:8      | Killed Pikel
 10919 | D:8      | Found an opulent altar of Gozag.
 11084 | D:8      | HP: 4/83 [something (4)]
 11085 | D:8      | HP: 1/83 [something (3)]
 11088 | D:8      | Slain by an unseen horror

Illustrated notes

Levels and vault maps discovered:
D:1:      dpeg_arrival_water_altar, layout_basic
D:2:      layout_rooms, kennysheep_generic_room_15
D:3:      wander_river, layout_basic, yredelemnul_forgotten_temple_becter,
          shapermc_ecumenical_altar_venn, grunt_ministairs_10
D:4:      layout_cave_pools, minmay_unequal
D:5:      layout_rooms, mainiacjoe_overflow_small_starburst, enter_ossuary_3
D:6:      layout_cave_pods, abandoned_shop, dreamdust_princess_corridor,
          chequers_mini_garden
D:7:      layout_basic, nicolae_wu_jian_glorious_leap,
          minmay_temple_entry_enclosed_plants
D:8:      layout_basic, nicolae_overflow_crystal_walls, uniq_pikel
Temple:   mainiacjoe_temple_bowtie_tessellation

Skill      XL: |  1  2  3  4  5  6  7  8  9 10 |
---------------+-------------------------------+-----
Fire Magic     | 4 5 6 7 8 9 |  9.4
Fighting       | 4 5 6 7 8 9 |  9.3
Dodging        | 1 3 4 6 7 |  7.7
Polearms       | |  3.0
Spellcasting   | |  1.0

Action                     |  1- 3 |  4- 6 |  7- 9 | 10-12 || total
---------------------------+-------+-------+-------+-------++-------
  Melee: Spear             |   103 |   148 |   221 |       ||   472
         Punch             |       |     2 |     5 |       ||     7
         War axe           |       |       |   101 |    65 ||   166
   Cast: Scorch            |     4 |    20 |   115 |    17 ||   156
 Invoke: Fiery Armour      |     1 |     1 |     1 |     1 ||     4
         Foxfire Swarm     |       |       |     3 |       ||     3
         Rising Flame      |       |       |     1 |       ||     1
    Use: Potion            |       |       |     6 |       ||     6
         Scroll            |       |       |     5 |     3 ||     8
   Stab: Sleeping          |       |     1 |       |       ||     1
 Armour: Robe              |    15 |    53 |    87 |    24 ||   179
         Skin              |       |       |    24 |       ||    24
  Dodge: Dodged            |    37 |    68 |   207 |    49 ||   361
  Block: Buckler           |       |       |    92 |    36 ||   128
         Reflection        |       |       |     4 |       ||     4
